[Event "Sunday 15 April Rapid Engine Tour, 9 Rd. 12+1, starts 16.00 ST"]
[Site "Infinity Chess"]
[Date "2018.4.15"]
[Round "8"]
[White "KRAKEN"]
[Black "Murx"]
[Result "1/2-1/2"]
[ECO "D31"]
[WhiteElo "2525"]
[BlackElo "2508"]
[WhiteEngine "Raubfisch X38b_CTG"]
[BlackEngine "asmFishW_2018-04-07_popcnt"]
[EventType "Swiss"]
[WhiteTeam ""]
[BlackTeam ""]
[PlyCount "180"]
[TimeControl "720+1"]

1. d4 d5 2. c4 e6 3. Nc3 c6 4. e3 Nf6 5. Nf3 Nbd7 6. Bd3 dxc4 7. Bxc4 b5 
8. Be2 Bb7 9. O-O Be7 10. a3 a5 11. b3 O-O 12. Bb2 b4 13. Na4 c5 14. dxc5 Nxc5 
15. Nxc5 Bxc5 16. Ne5 Qe7 17. axb4 Bxb4 18. Bd3 Ne4 19. Qh5 f5 20. Bc4 Rad8 
21. Rfd1 Nd2 22. h3 Bd5 23. Qe2 Qb7 24. h4 h6 25. Qh5 Rd6 26. Bxd5 Rxd5 
27. Qg6 Qe7 28. h5 Rf6 29. Qg3 Qb7 30. Nc4 Rf7 31. Qg6 Nxc4 32. bxc4 Rxd1+ 
33. Rxd1 Bf8 34. Be5 Qc8 35. c5 a4 36. Rc1 Qc6 37. Qg3 Ra7 38. Qf3 Ra6 
39. Bd4 a3 40. Qe2 a2 41. Qc2 Kh7 42. Ra1 Qd5 43. Kh1 Kh8 44. f4 Kh7 45. Kh2 Qa8 
46. Qc4 Be7 47. c6 Rxc6 48. Rxa2 Qe8 49. Qe2 Bc5 50. Rc2 Bxd4 51. Rxc6 Qxc6 
52. exd4 Qd5 53. Qe3 Qa2 54. Kg3 Qc4 55. Qe5 Qd3+ 56. Kh2 Qb3 57. Qd6 Qe3 
58. Qe5 Qxe5 59. dxe5 g6 60. hxg6+ Kxg6 61. Kg3 Kh7 62. Kf2 Kg6 63. g3 Kf7 
64. Kg2 h5 65. Kh3 Kg7 66. Kg2 Kf7 67. Kf3 Ke7 68. Kf2 Ke8 69. Ke2 Ke7 
70. Kd3 Kd8 71. Kc4 Kc8 72. Kb5 Kb7 73. Kc5 Kc7 74. Kb5 Kb7 75. Kc4 Kc8 
76. Kb4 Kb8 77. Ka4 Kc7 78. Kb4 Kb6 79. Kc3 Kc5 80. Kd3 Kd5 81. Ke3 Kc4 
82. Ke2 Kd4 83. Kf3 Kd3 84. Kg2 Ke3 85. Kh3 Ke4 86. Kh4 Kf3 87. Kxh5 Kxg3 
88. Kg5 Kf3 89. Kf6 Kxf4 90. Kxe6 Kg4 1/2-1/2

[Event "Sunday 15 April Rapid Engine Tour, 9 Rd. 12+1, starts 16.00 ST"]
[Site "Infinity Chess"]
[Date "2018.4.15"]
[Round "8"]
[White "THE_MACHINE"]
[Black "Thinker"]
[Result "1/2-1/2"]
[ECO "C50"]
[WhiteElo "2560"]
[BlackElo "2437"]
[WhiteEngine "BrainFish_180411_x64_bmi2"]
[BlackEngine "BrainFish_180411_x64_modern_CTG"]
[EventType "Swiss"]
[WhiteTeam ""]
[BlackTeam ""]
[PlyCount "199"]
[TimeControl "720+1"]

1. e4 e5 2. Nf3 Nc6 3. Bc4 Bc5 4. O-O Nf6 5. d3 d6 6. c3 O-O 7. Nbd2 a5 
8. Re1 h6 9. Nf1 Be6 10. Bb5 Ne7 11. d4 Bb6 12. h3 exd4 13. Nxd4 Bd7 
14. Bxd7 Qxd7 15. Ng3 Rfe8 16. Qf3 Kh7 17. Bd2 Ng6 18. Qd3 Ne5 19. Qc2 g6 
20. Rad1 c5 21. Nf3 Nxf3+ 22. gxf3 d5 23. e5 Ng8 24. Kg2 Bc7 25. f4 Ne7 
26. h4 Nf5 27. Rh1 Nxg3 28. fxg3 h5 29. Rhf1 Rad8 30. Be3 Bb6 31. Rf3 Qc6 
32. Rdf1 f5 33. Rc1 Rd7 34. Qe2 Bd8 35. Bf2 Be7 36. Rd3 b5 37. Qf3 Qe6 
38. Rd2 Red8 39. Kh3 Kg7 40. Qd1 Rc8 41. Qf1 Rb8 42. Kh2 Qc6 43. Qg2 Qe6 
44. Bg1 Rbd8 45. Kh3 Rb8 46. Rcd1 Rbd8 47. Rc1 a4 48. Qe2 d4 49. cxd4 c4 
50. a3 Rd5 51. Qf3 Rc8 52. Rdd1 Rcd8 53. Kg2 R8d7 54. Rd2 Bc5 55. Rcd1 Bb6 
56. Re2 Ba5 57. Rc2 Bb6 58. Bf2 Kf8 59. Be3 Kf7 60. Kh2 Kg7 61. Re2 Bd8 
62. Qg2 Bb6 63. Qf3 Kf7 64. Ree1 Rd8 65. Qf2 Qc6 66. Rf1 Kg7 67. Rfe1 Kf7 
68. Rg1 Qe6 69. Qd2 Kg7 70. Kh3 R5d7 71. Qb4 Rd5 72. Bf2 Qd7 73. Qc3 Qe6 
74. Rge1 Kh6 75. Kg2 Kg7 76. Be3 R8d7 77. Kh3 Qc6 78. Qc1 Rd8 79. Qc3 Ra8 
80. Qc2 Rad8 81. Qc3 Qd7 82. Bf2 Qe6 83. Kh2 Kg8 84. Kg1 Kg7 85. Kg2 R8d7 
86. Kh3 Kg8 87. Kh2 Ba7 88. Re2 Bb6 89. Qf3 Kg7 90. Qg2 Kg8 91. Be1 Ra7 
92. Kh3 Bc7 93. Qh1 Rb7 94. Qf1 Kg7 95. Bd2 Ra7 96. Be3 Kg8 97. Qf2 Kh8 
98. Ree1 Rb7 99. Rh1 Kg8 100. Qh2 1/2-1/2

[Event "Sunday 15 April Rapid Engine Tour, 9 Rd. 12+1, starts 16.00 ST"]
[Site "Infinity Chess"]
[Date "2018.4.15"]
[Round "7"]
[White "star99"]
[Black "hafaba"]
[Result "1/2-1/2"]
[ECO "C24"]
[WhiteElo "2421"]
[BlackElo "2455"]
[WhiteEngine "Cryptic Heroes 9.4B"]
[BlackEngine "Eman 1.70-beta18x 64-bit POPCNT_CTG"]
[EventType "Swiss"]
[WhiteTeam ""]
[BlackTeam ""]
[PlyCount "124"]
[TimeControl "720+1"]

1. e4 e5 2. Bc4 Nf6 3. d3 Nc6 4. Nf3 Bc5 5. O-O d6 6. Nc3 a5 7. Bg5 h6 
8. Bxf6 Qxf6 9. Nd5 Qd8 10. Ne3 Nd4 11. c3 Nxf3+ 12. Qxf3 O-O 13. Rfd1 Qg5 
14. d4 Ba7 15. g3 Be6 16. h4 Qg6 17. Bb3 a4 18. Bc2 Bb6 19. Rd2 Rfe8 20. a3 Ba5 
21. Kh2 h5 22. Rf1 b5 23. d5 Bd7 24. Bd1 Bb6 25. Qxh5 Qxh5 26. Bxh5 g6 
27. Be2 f5 28. exf5 gxf5 29. g4 fxg4 30. Bxg4 Bxg4 31. Rg1 Kh7 32. Rxg4 Rg8 
33. Rxg8 Rxg8 34. Re2 Kg6 35. Ng4 Rf8 36. Kg3 Kh5 37. f3 Bc5 38. Re4 Rg8 
39. Re2 Bb6 40. Rg2 Rf8 41. Nf2 Be3 42. Ng4 Bf4+ 43. Kh3 Rf7 44. Re2 Bc1 
45. Kg3 Bf4+ 46. Kf2 Kxh4 47. Re4 Kh5 48. c4 Bc1 49. cxb5 Rf4 50. Re2 e4 
51. Rxe4 Rxe4 52. Nf6+ Kg6 53. Nxe4 Bxb2 54. Ke2 Bxa3 55. Nc3 Kf5 56. Nxa4 Kf4 
57. b6 cxb6 58. Nxb6 Bb4 59. Kd3 Kxf3 60. Kc4 Bc5 61. Nd7 Bg1 62. Kb5 Bf2 
1/2-1/2

[Event "Sunday 15 April Rapid Engine Tour, 9 Rd. 12+1, starts 16.00 ST"]
[Site "Infinity Chess"]
[Date "2018.4.15"]
[Round "7"]
[White "RonWeasley"]
[Black "Thinker"]
[Result "1/2-1/2"]
[ECO "E20"]
[WhiteElo "2466"]
[BlackElo "2436"]
[WhiteEngine "BrainFish 090218_CTG"]
[BlackEngine "BrainFish_180411_x64_modern_CTG"]
[EventType "Swiss"]
[WhiteTeam ""]
[BlackTeam ""]
[PlyCount "120"]
[TimeControl "720+1"]

1. d4 Nf6 2. c4 e6 3. Nc3 d5 4. Nf3 Be7 5. Bf4 O-O 6. e3 Nbd7 7. c5 c6 8. Bd3 b6 
9. b4 a5 10. a3 Nh5 11. Be5 f6 12. Bg3 axb4 13. axb4 Rxa1 14. Qxa1 e5 
15. Qa7 bxc5 16. bxc5 Re8 17. Qa4 Qc7 18. O-O Kh8 19. Nd2 Nxg3 20. hxg3 Bb7 
21. Ra1 e4 22. Be2 Ra8 23. Qd1 Rxa1 24. Qxa1 g6 25. g4 Nb8 26. Qa7 Bd8 
27. Ndxe4 dxe4 28. Nxe4 Ba6 29. Qxc7 Bxc7 30. Bxa6 Nxa6 31. Nxf6 Kg7 32. Ne4 h5 
33. gxh5 gxh5 34. Kf1 Kg6 35. Ke2 Kf5 36. Nd2 Nb4 37. Kf3 h4 38. Nc4 Ke6 
39. Ke2 Kf5 40. Kf3 Ke6 41. Ke2 Kd5 42. Nb6+ Ke6 43. Kd2 Nd5 44. Nxd5 cxd5 
45. Kc3 Ba5+ 46. Kd3 Bd8 47. f3 Bc7 48. e4 Bf4 49. Kc3 Be3 50. Kd3 Bf4 
51. e5 Kd7 52. Kc3 Be3 53. Kd3 Bh6 54. Kc3 Be3 55. Kd3 Bf4 56. Ke2 Bh6 
57. Kd3 Bg5 58. Ke2 Bh6 59. Kd3 Bg5 60. Ke2 Bh6 1/2-1/2

[Event "Sunday 15 April Rapid Engine Tour, 9 Rd. 12+1, starts 16.00 ST"]
[Site "Infinity Chess"]
[Date "2018.4.15"]
[Round "7"]
[White "angriff"]
[Black "Murx"]
[Result "0-1"]
[ECO "C55"]
[WhiteElo "2384"]
[BlackElo "2496"]
[WhiteEngine "DracoREX 3.07 64BIT POPCNT_CTG"]
[BlackEngine "asmFishW_2018-04-07_popcnt"]
[EventType "Swiss"]
[WhiteTeam ""]
[BlackTeam ""]
[PlyCount "122"]
[TimeControl "720+1"]

1. e4 e5 2. Nf3 Nc6 3. Bc4 Nf6 4. d3 Bc5 5. O-O d6 6. c3 O-O 7. Bg5 h6 8. Bh4 a6 
9. a4 g5 10. Bg3 Ba7 11. Na3 Ne7 12. Re1 Ng6 13. d4 h5 14. h4 Nh7 15. hxg5 Nxg5 
16. Nh4 Qf6 17. Kh1 Re8 18. Qd3 Ne6 19. Nxg6 fxg6 20. dxe5 dxe5 21. Qd5 Kh7 
22. Qxe5 Qxe5 23. Bxe5 Bxf2 24. Rf1 Ng5 25. Rxf2 Rxe5 26. Rf8 Nxe4 27. Rf7+ Kh6 
28. Rxc7 Bg4 29. Rxb7 h4 30. Nc2 h3 31. Nd4 Nd6 32. Rc7 Rf8 33. gxh3 Bxh3 
34. Be2 Re3 35. Rg1 Ne4 36. Bf3 Rexf3 37. Nxf3 Rxf3 38. Kh2 Nd2 39. Rc6 Nf1+ 
40. Kh1 Ng3+ 41. Kh2 Nf1+ 42. Kh1 Bf5 43. Rf6 Nd2 44. Rg2 Rf1+ 45. Kh2 Rd1 
46. Re2 Kg5 47. Rb6 Kf4 48. Kg2 Be4+ 49. Kh3 Kf3 50. Rh2 Bf5+ 51. Kh4 Ne4 
52. Rb4 Rg1 53. Rxe4 Bxe4 54. Rh1 Rg4+ 55. Kh3 Rg3+ 56. Kh4 Kf4 57. Rf1+ Bf3 
58. Rxf3+ Rxf3 59. b3 Kf5 60. b4 g5+ 61. Kh5 Rh3# 0-1

[Event "Sunday 15 April Rapid Engine Tour, 9 Rd. 12+1, starts 16.00 ST"]
[Site "Infinity Chess"]
[Date "2018.4.15"]
[Round "7"]
[White "ivrdurant"]
[Black "KRAKEN"]
[Result "0-1"]
[ECO "C50"]
[WhiteElo "2391"]
[BlackElo "2514"]
[WhiteEngine "Raubfisch X38b_CTG"]
[BlackEngine "Raubfisch X38b_CTG"]
[EventType "Swiss"]
[WhiteTeam ""]
[BlackTeam ""]
[PlyCount "216"]
[TimeControl "720+1"]

1. e4 e5 2. Nf3 Nc6 3. Bc4 Bc5 4. O-O Nf6 5. d3 d6 6. c3 O-O 7. h3 a6 8. a4 h6 
9. Re1 Ba7 10. Nbd2 Nh5 11. Nf1 Be6 12. Bxe6 fxe6 13. a5 Qe8 14. Ra2 Nf4 
15. Bxf4 Rxf4 16. b4 Ne7 17. Qa4 Qg6 18. N1h2 Raf8 19. Kh1 c6 20. Qc2 Qf7 
21. Rb1 Ng6 22. c4 Nh4 23. Nxh4 Rxh4 24. c5 Rf4 25. f3 h5 26. Nf1 Bb8 
27. Qc3 Bc7 28. Nd2 d5 29. Nf1 Qg6 30. Re2 Rd8 31. Qe1 Kh7 32. Qg3 Qh6 
33. Qe1 Kg8 34. Kg1 Rd7 35. Nh2 Qg6 36. Kh1 Bd8 37. Nf1 Rdf7 38. Qc3 d4 
39. Qc1 Bg5 40. Qd1 Rf8 41. Reb2 Qh6 42. Qe2 Kh7 43. Qf2 R4f7 44. Qe1 Qf6 
45. Qg3 Rd7 46. Re2 Rdf7 47. Ra2 Kg8 48. Re2 Rd7 49. Rc2 Bh6 50. Qe1 Bf4 
51. Rcb2 Kh7 52. Rd1 Bg5 53. Qe2 Qh6 54. Qf2 Kg8 55. Rdb1 Bf4 56. Qe1 Rdf7 
57. Qe2 Bg5 58. Qe1 Bf4 59. Qe2 Qg5 60. Rc2 Qh4 61. Qe1 Qd8 62. Qf2 Qf6 
63. Ra2 Qd8 64. Qe1 Bg5 65. Qe2 Qf6 66. Nd2 Bf4 67. Nf1 Qh4 68. Qe1 Qd8 
69. Rd1 Bg5 70. Nd2 Bf4 71. Nc4 Qg5 72. Nd6 Rf6 73. Nxb7 Rb8 74. Nd6 Rxb4 
75. Kg1 Rb3 76. Nc4 Rf8 77. Nb6 Rb8 78. Re2 h4 79. Kf1 Rb7 80. Kg1 Be3+ 
81. Kh1 Qg3 82. Qxg3 hxg3 83. Ree1 Rc3 84. Na4 Rc2 85. Nb6 Rxc5 86. Re2 Kh7 
87. Ra2 Rc3 88. Rb2 Kh6 89. Na4 Rb5 90. Nxc3 dxc3 91. Rc2 Bd4 92. Rdc1 Rb2 
93. Rxb2 cxb2 94. Re1 Kg5 95. Rb1 Kf4 96. Re1 Bc3 97. Rd1 Ke3 98. h4 Bd2 
99. Rb1 Bc1 100. Kg1 Kxd3 101. Kf1 c5 102. Ke1 c4 103. Kd1 c3 104. Rxc1 c2+ 
105. Rxc2 b1=Q+ 106. Rc1 Qb2 107. Rc2 Qxc2+ 108. Ke1 Qb1# 0-1

[Event "Sunday 15 April Rapid Engine Tour, 9 Rd. 12+1, starts 16.00 ST"]
[Site "Infinity Chess"]
[Date "2018.4.15"]
[Round "7"]
[White "Susanne"]
[Black "Marsell"]
[Result "1/2-1/2"]
[ECO "C55"]
[WhiteElo "2509"]
[BlackElo "2458"]
[WhiteEngine "stockfish_jvv01_x64_bmi2_CTG"]
[BlackEngine "BrainFish_180408_x64_bmi2"]
[EventType "Swiss"]
[WhiteTeam ""]
[BlackTeam ""]
[PlyCount "233"]
[TimeControl "720+1"]

1. e4 e5 2. Nf3 Nc6 3. Bc4 Nf6 4. d3 Bc5 5. O-O d6 6. c3 O-O 7. Re1 a5 8. Bg5 h6 
9. Bh4 Be6 10. Nbd2 Ba7 11. Rc1 Rb8 12. a4 Qe7 13. Bb3 Rbe8 14. Nc4 g5 
15. Bg3 g4 16. Nh4 Nh5 17. Rc2 Qg5 18. Rd2 Bc5 19. Rf1 Ba7 20. Kh1 Kh8 
21. Ne3 Bb6 22. Re2 Nf4 23. Rd2 Nh5 24. Qc2 Ne7 25. d4 Bxb3 26. Qxb3 Nf6 
27. Qc2 exd4 28. Nc4 Nxe4 29. Qxe4 d5 30. Qe5+ f6 31. Qxg5 fxg5 32. Nxb6 cxb6 
33. Be5+ Kh7 34. Bxd4 gxh4 35. Bxb6 Rf6 36. Bc7 Nf5 37. Kg1 h3 38. Rxd5 Re2 
39. gxh3 gxh3 40. Rd7+ Kg8 41. Rd3 Rxb2 42. Rxh3 Ra2 43. Bxa5 b5 44. Rf3 Rf7 
45. Rd1 bxa4 46. Rf4 Ne7 47. Rg4+ Kh7 48. Bb6 Ng6 49. Kf1 a3 50. Be3 Rc2 
51. Rd6 a2 52. Ra6 Rxc3 53. Kg1 Rb3 54. Kh1 Rb2 55. Kg2 Rg7 56. Kg3 Rc2 
57. Bd4 h5 58. Rg5 h4+ 59. Kh3 Nf4+ 60. Kxh4 Rxg5 61. Kxg5 Nh3+ 62. Kf5 Rd2 
63. Be3 Rc2 64. Bd4 Rd2 65. Be3 Rc2 66. f4 Rxh2 67. Bd4 Rd2 68. Be5 Kg8 
69. Ra8+ Kf7 70. Ra7+ Kg8 71. Ra8+ Kf7 72. Ra7+ Kg8 73. Ke6 a1=Q 74. Rxa1 Nxf4+ 
75. Bxf4 Rf2 76. Rg1+ Kh7 77. Bc1 Rf8 78. Bb2 Rg8 79. Rh1+ Kg6 80. Bf6 Re8+ 
81. Be7 Ra8 82. Rg1+ Kh6 83. Rg2 Ra6+ 84. Kf5 Ra5+ 85. Ke4 Ra4+ 86. Kf5 Ra5+ 
87. Ke6 Ra6+ 88. Kf7 Ra5 89. Bd6 Rf5+ 90. Ke6 Rf1 91. Bh2 Rf3 92. Bg1 Rd3 
93. Ke5 Rd1 94. Ke4 Kh5 95. Be3 Ra1 96. Bf4 Ra7 97. Rg5+ Kh4 98. Rg2 Kh5 
99. Kf3 Ra5 100. Rg8 Rb5 101. Bc1 Ra5 102. Rg3 Rc5 103. Rg1 Ra5 104. Bd2 Rf5+ 
105. Ke4 Rb5 106. Rg7 Rb6 107. Rh7+ Kg4 108. Re7 Rg6 109. Bf4 Kh5 110. Ke5 Rg8 
111. Re6 Kg4 112. Ke4 Ra8 113. Rg6+ Kh5 114. Rg1 Ra7 115. Be5 Rf7 116. Bd4 Kh4 
117. Rg2 1/2-1/2

[Event "Sunday 15 April Rapid Engine Tour, 9 Rd. 12+1, starts 16.00 ST"]
[Site "Infinity Chess"]
[Date "2018.4.15"]
[Round "7"]
[White "Time_bandit"]
[Black "THE_MACHINE"]
[Result "1/2-1/2"]
[ECO "C65"]
[WhiteElo "2465"]
[BlackElo "2564"]
[WhiteEngine "asmFishW_2018-02-02_popcnt"]
[BlackEngine "BrainFish_180411_x64_bmi2"]
[EventType "Swiss"]
[WhiteTeam ""]
[BlackTeam ""]
[PlyCount "87"]
[TimeControl "720+1"]

1. e4 e5 2. Nf3 Nc6 3. Bb5 Nf6 4. O-O Nxe4 5. d4 Nd6 6. Bxc6 dxc6 7. dxe5 Nf5 
8. Qxd8+ Kxd8 9. Nc3 Bd7 10. Rd1 Kc8 11. Ng5 Be8 12. Rd3 Be7 13. Nge4 b6 
14. b3 a5 15. Bb2 Bd7 16. a4 Be6 17. Ne2 g5 18. Nd6+ Bxd6 19. exd6 Rd8 
20. Bf6 Rxd6 21. Rxd6 cxd6 22. Bxg5 Kd7 23. Bf6 c5 24. Rd1 d5 25. Nf4 d4 
26. Re1 Rc8 27. g4 Ne7 28. Bxe7 Kxe7 29. Re4 Kd6 30. Nxe6 fxe6 31. f4 Kd5 
32. Re5+ Kd6 33. Re4 e5 34. fxe5+ Kd5 35. Re1 c4 36. e6 cxb3 37. cxb3 d3 
38. Kf2 Kd4 39. e7 Re8 40. Re6 Kd5 41. Re1 Kd4 42. Re6 Kd5 43. Re3 Kd4 44. Re6 
1/2-1/2

[Event "Sunday 15 April Rapid Engine Tour, 9 Rd. 12+1, starts 16.00 ST"]
[Site "Infinity Chess"]
[Date "2018.4.15"]
[Round "6"]
[White "hafaba"]
[Black "RonWeasley"]
[Result "1/2-1/2"]
[ECO "C11"]
[WhiteElo "2454"]
[BlackElo "2467"]
[WhiteEngine "Eman 1.70-beta18x 64-bit POPCNT_CTG"]
[BlackEngine "BrainFish 090218_CTG"]
[EventType "Swiss"]
[WhiteTeam ""]
[BlackTeam ""]
[PlyCount "107"]
[TimeControl "720+1"]

1. e4 e6 2. d4 d5 3. Nc3 Nf6 4. e5 Nfd7 5. f4 c5 6. Nf3 Nc6 7. Be3 cxd4 
8. Nxd4 Qb6 9. Qd2 Qxb2 10. Rb1 Qa3 11. Bb5 Nxd4 12. Bxd4 a6 13. Bxd7+ Bxd7 
14. Rb3 Qe7 15. Rxb7 Rc8 16. O-O Qd8 17. f5 exf5 18. Qd3 Bc5 19. Bxc5 Rxc5 
20. Nxd5 Bc8 21. Re7+ Kf8 22. Qa3 Qa5 23. Qxa5 Rxa5 24. Rc7 Be6 25. Nf4 Rxe5 
26. Nxe6+ Rxe6 27. Rxf5 Re7 28. Rc8+ Re8 29. Rfc5 Ke7 30. R8c6 g6 31. a4 Ra8 
32. Rc7+ Kf6 33. Rc4 Rhf8 34. Rf4+ Kg5 35. g3 Rad8 36. c4 f5 37. Kg2 h5 
38. h4+ Kh6 39. a5 Rd2+ 40. Rf2 Rd3 41. Rc6 Rc3 42. c5 Re8 43. Rxa6 Ree3 
44. Rxf5 Rxg3+ 45. Kf1 Rc2 46. Re6 Ra3 47. Rf2 Rxc5 48. a6 Rc1+ 49. Kg2 Rc4 
50. Rff6 Ra2+ 51. Kg3 Ra3+ 52. Kg2 Ra2+ 53. Kf3 Ra3+ 54. Kg2 1/2-1/2

[Event "Sunday 15 April Rapid Engine Tour, 9 Rd. 12+1, starts 16.00 ST"]
[Site "Infinity Chess"]
[Date "2018.4.15"]
[Round "6"]
[White "Thinker"]
[Black "ivrdurant"]
[Result "1/2-1/2"]
[ECO "C55"]
[WhiteElo "2438"]
[BlackElo "2389"]
[WhiteEngine "BrainFish_180411_x64_modern_CTG"]
[BlackEngine "Raubfisch X38b_CTG"]
[EventType "Swiss"]
[WhiteTeam ""]
[BlackTeam ""]
[PlyCount "111"]
[TimeControl "720+1"]

1. e4 e5 2. Nf3 Nc6 3. Bc4 Nf6 4. d3 Bc5 5. c3 d6 6. O-O O-O 7. h3 a5 
8. Nbd2 Be6 9. Bb5 h6 10. Re1 Qb8 11. Nf1 Qa7 12. Be3 Bxe3 13. Nxe3 Ne7 
14. a4 Ng6 15. Bc4 Bd7 16. Nh2 Be6 17. Nhf1 Qb6 18. Bxe6 fxe6 19. Nc4 Qa6 
20. Ng3 Nd7 21. b3 d5 22. Ne3 d4 23. Nc4 Rf7 24. b4 Raf8 25. Rf1 dxc3 
26. bxa5 Qa7 27. Qc2 Qc5 28. Ra3 Nb8 29. Rxc3 Nc6 30. Qb2 Nf4 31. Kh2 Nxa5 
32. Qb5 Qxb5 33. axb5 Nxc4 34. dxc4 Rd7 35. Rc2 Rfd8 36. Rb1 Rd2 37. Rbb2 Rxc2 
38. Rxc2 Rd1 39. Ra2 Rc1 40. Ra7 Rxc4 41. Rxb7 Rc2 42. Nf1 Rxf2 43. Ne3 Rb2 
44. Nc4 Rb4 45. Rxc7 Rxb5 46. Rc8+ Kh7 47. Rc6 Rb1 48. g3 Ne2 49. Rxe6 Rb3 
50. Rxe5 Rxg3 51. Nb6 Kg6 52. Nd5 Rg5 53. Rxg5+ Kxg5 54. Kg2 Nf4+ 55. Kf3 Nxd5 
56. exd5 1/2-1/2

[Event "Sunday 15 April Rapid Engine Tour, 9 Rd. 12+1, starts 16.00 ST"]
[Site "Infinity Chess"]
[Date "2018.4.15"]
[Round "6"]
[White "angriff"]
[Black "Marsell"]
[Result "1/2-1/2"]
[ECO "C55"]
[WhiteElo "2381"]
[BlackElo "2461"]
[WhiteEngine "DracoREX 3.07 64BIT POPCNT_CTG"]
[BlackEngine "BrainFish_180408_x64_bmi2"]
[EventType "Swiss"]
[WhiteTeam ""]
[BlackTeam ""]
[PlyCount "54"]
[TimeControl "720+1"]

1. e4 e5 2. Nf3 Nc6 3. Bc4 Nf6 4. d3 Bc5 5. c3 d6 6. O-O O-O 7. Bg5 h6 8. Bh4 a6 
9. a4 g5 10. Bg3 Ba7 11. Na3 Ne7 12. h3 Ng6 13. Nc2 Kg7 14. Ne3 g4 15. hxg4 Bxe3 
16. fxe3 Nxg4 17. Qe1 f5 18. exf5 Bxf5 19. b4 Qe7 20. Nh4 Qg5 21. e4 Bd7 
22. Rxf8 Rxf8 23. Nxg6 Kxg6 24. Bh4 Qf4 25. Bg3 Qg5 26. Bh4 Qf4 27. Bg3 Qg5 
1/2-1/2

[Event "Sunday 15 April Rapid Engine Tour, 9 Rd. 12+1, starts 16.00 ST"]
[Site "Infinity Chess"]
[Date "2018.4.15"]
[Round "6"]
[White "KRAKEN"]
[Black "Time_bandit"]
[Result "1/2-1/2"]
[ECO "D21"]
[WhiteElo "2516"]
[BlackElo "2463"]
[WhiteEngine "Raubfisch X38b_CTG"]
[BlackEngine "asmFishW_2018-02-02_popcnt"]
[EventType "Swiss"]
[WhiteTeam ""]
[BlackTeam ""]
[PlyCount "128"]
[TimeControl "720+1"]

1. d4 d5 2. c4 dxc4 3. Nf3 e6 4. e3 Nf6 5. Bxc4 a6 6. O-O c5 7. b3 b5 
8. Be2 Nbd7 9. Bb2 Bb7 10. Nbd2 Be7 11. a4 b4 12. Rc1 Rc8 13. dxc5 Nxc5 
14. Rc4 Ncd7 15. Rxc8 Qxc8 16. Nc4 Bd5 17. Bxf6 gxf6 18. e4 Bxc4 19. Bxc4 Nc5 
20. e5 O-O 21. exf6 Bxf6 22. Qd2 Qb8 23. h3 Bg7 24. Rc1 a5 25. Qe3 Rc8 
26. Bb5 Bc3 27. Qg5+ Kf8 28. Rd1 Bg7 29. Qe3 Kg8 30. h4 Qc7 31. g3 Qe7 
32. Be2 h6 33. Nd2 Qf6 34. Rc1 Qd4 35. Qxd4 Bxd4 36. Ne4 f5 37. Nxc5 Rxc5 
38. Rxc5 Bxc5 39. Kf1 Kf8 40. Bc4 Kf7 41. Ke2 Ke7 42. f3 Kf6 43. f4 e5 
44. fxe5+ Kxe5 45. Bd3 Ke6 46. Bc4+ Ke5 47. Kf3 Bd4 48. Bd3 Ke6 49. g4 fxg4+ 
50. Kxg4 Bf2 51. Bf5+ Ke5 52. h5 Kd5 53. Bd7 Be1 54. Bb5 Bd2 55. Kf5 Bc1 
56. Bf1 Bb2 57. Be2 Bc1 58. Bd1 Kd6 59. Bc2 Bb2 60. Bd3 Kd5 61. Bb1 Kc5 
62. Be4 Kd6 63. Kg6 Bc1 64. Bb1 Kd5 1/2-1/2

[Event "Sunday 15 April Rapid Engine Tour, 9 Rd. 12+1, starts 16.00 ST"]
[Site "Infinity Chess"]
[Date "2018.4.15"]
[Round "6"]
[White "Murx"]
[Black "Susanne"]
[Result "1/2-1/2"]
[ECO "B30"]
[WhiteElo "2495"]
[BlackElo "2510"]
[WhiteEngine "asmFishW_2018-04-07_popcnt"]
[BlackEngine "stockfish_jvv01_x64_bmi2_CTG"]
[EventType "Swiss"]
[WhiteTeam ""]
[BlackTeam ""]
[PlyCount "137"]
[TimeControl "720+1"]

1. e4 c5 2. Nf3 Nc6 3. Nc3 g6 4. d4 cxd4 5. Nxd4 Bg7 6. Be3 Nf6 7. Bc4 O-O 
8. Bb3 d6 9. f3 Qa5 10. O-O Qc7 11. Qd2 a6 12. Rfd1 Re8 13. Nde2 b5 14. Nf4 Qb7 
15. h4 Na5 16. h5 Rb8 17. Qf2 Nxb3 18. cxb3 b4 19. Ncd5 Nxd5 20. Nxd5 Be6 
21. h6 Bf8 22. Rac1 Rbc8 23. Qd2 Bxd5 24. exd5 a5 25. Rxc8 Rxc8 26. Qe2 Qd7 
27. g4 e6 28. dxe6 fxe6 29. Kg2 d5 30. Bf4 Rc6 31. Re1 Bc5 32. Qb5 Bd6 
33. Bd2 Qc8 34. Qd3 Be7 35. g5 Bd6 36. Re2 Rc7 37. Qd4 Re7 38. a3 Qb7 39. f4 Re8 
40. axb4 axb4 41. Be1 Qf7 42. Bg3 Qb7 43. Rc2 Re7 44. Rc1 Rc7 45. Re1 Re7 
46. Re2 Qd7 47. Rc2 Qb7 48. Rc1 Rc7 49. Rxc7 Qxc7 50. Qf6 Qc2+ 51. Bf2 Qe4+ 
52. Kf1 Qh1+ 53. Ke2 Qe4+ 54. Kf1 Bf8 55. Kg1 Qe2 56. Bd4 Qg4+ 57. Kf2 Qh4+ 
58. Kf1 Qh3+ 59. Ke1 Qg3+ 60. Kd1 Qd3+ 61. Kc1 Qf1+ 62. Kc2 Qg2+ 63. Kb1 Qf1+ 
64. Ka2 Qa6+ 65. Kb1 Qf1+ 66. Ka2 Qa6+ 67. Kb1 Qd3+ 68. Ka1 Qa6+ 69. Kb1 1/2-1/2

[Event "Sunday 15 April Rapid Engine Tour, 9 Rd. 12+1, starts 16.00 ST"]
[Site "Infinity Chess"]
[Date "2018.4.15"]
[Round "6"]
[White "THE_MACHINE"]
[Black "star99"]
[Result "1-0 "]
[ECO "B63"]
[WhiteElo "2553"]
[BlackElo "2432"]
[WhiteEngine "BrainFish_180411_x64_bmi2"]
[BlackEngine "Cryptic Heroes 9.4B"]
[EventType "Swiss"]
[WhiteTeam ""]
[BlackTeam ""]
[PlyCount "135"]
[TimeControl "720+1"]

1. e4 c5 2. Nf3 d6 3. d4 cxd4 4. Nxd4 Nf6 5. Nc3 Nc6 6. Bg5 e6 7. Qd2 Be7 
8. O-O-O O-O 9. h4 Nxd4 10. Qxd4 h6 11. f3 e5 12. Qg1 Be6 13. Bd2 d5 
14. exd5 Nxd5 15. Nxd5 Bxd5 16. Bc3 Rc8 17. Qe3 Qd6 18. Bxe5 Qe6 19. Bd3 Rfe8 
20. Qf4 Bxh4 21. Rxh4 Qxe5 22. Qxe5 Rxe5 23. Ra4 Rg5 24. Rd2 Ra8 25. Rd4 Kf8 
26. b4 Be6 27. Be4 Rb8 28. f4 Rg4 29. f5 Bd7 30. a3 Be8 31. c4 Rc8 32. Kb2 b6 
33. a4 h5 34. b5 Rc5 35. Kc3 f6 36. R2d3 Rf4 37. g3 Rg4 38. Bd5 Bd7 
39. Rxg4 hxg4 40. Re3 Bxf5 41. a5 Bd7 42. Kd4 g5 43. Ra3 Bxb5 44. axb6 axb6 
45. cxb5 Rxb5 46. Ra7 Rb4+ 47. Ke3 Ke8 48. Bf7+ Kf8 49. Be6 Ke8 50. Rh7 Rb1 
51. Bxg4 Rb3+ 52. Kf2 Rb2+ 53. Kf3 Rb3+ 54. Kg2 Rc3 55. Kh3 Kd8 56. Bf5 Rc4 
57. Rf7 Rc6 58. Kg4 b5 59. Kh5 Rb6 60. Kg6 b4 61. Ra7 Ke8 62. Bc8 f5+ 
63. Kxf5 Rd6 64. Kxg5 Kd8 65. Rb7 Kxc8 66. Rxb4 Kd7 67. g4 Ke6 68. Rb7 1-0

[Event "Sunday 15 April Rapid Engine Tour, 9 Rd. 12+1, starts 16.00 ST"]
[Site "Infinity Chess"]
[Date "2018.4.15"]
[Round "5"]
[White "RonWeasley"]
[Black "angriff"]
[Result "1/2-1/2"]
[ECO "E38"]
[WhiteElo "2471"]
[BlackElo "2377"]
[WhiteEngine "BrainFish 090218_CTG"]
[BlackEngine "DracoREX 3.07 64BIT POPCNT_CTG"]
[EventType "Swiss"]
[WhiteTeam ""]
[BlackTeam ""]
[PlyCount "124"]
[TimeControl "720+1"]

1. d4 Nf6 2. c4 e6 3. Nc3 Bb4 4. Qc2 c5 5. dxc5 O-O 6. a3 Bxc5 7. Nf3 b6 
8. e4 Ng4 9. Bg5 f6 10. Bh4 Nc6 11. O-O-O a5 12. Kb1 Ba6 13. Nb5 Rc8 14. Qd2 d6 
15. Nxd6 Ra8 16. Bg3 Nce5 17. Be2 Nxf2 18. Bxf2 Bxf2 19. Qc3 Nxf3 20. Bxf3 e5 
21. Rd5 Qe7 22. Rhd1 g6 23. Qb3 Bc5 24. Bg4 Rad8 25. Nb5 Bxb5 26. cxb5 Qf7 
27. R1d3 Rxd5 28. Rxd5 Re8 29. Bd7 Re7 30. Bc6 Kg7 31. g4 Bd4 32. Ka1 h5 
33. gxh5 gxh5 34. Qd1 Qg6 35. Rxd4 exd4 36. Qxd4 Qg2 37. Ka2 Qf1 38. h4 Kh7 
39. Bd5 Qxb5 40. Qxf6 Qd7 41. Qxb6 Qg4 42. Qf6 Qg7 43. Qf5+ Qg6 44. Qf8 Qg7 
45. Qf5+ Qg6 46. Qf8 Qg7 47. Qxg7+ Kxg7 48. b4 axb4 49. axb4 Kf6 50. b5 Ke5 
51. b6 Kd6 52. Kb3 Rg7 53. b7 Kc7 54. e5 Re7 55. e6 Re8 56. Kb4 Kd6 57. Bh1 Kxe6 
58. Kc5 Rb8 59. Kc6 Rxb7 60. Kxb7 Kf6 61. Bg2 Kg7 62. Ka7 Kg8 1/2-1/2